 Dungeon Crawl Stone Soup version 0.18.1-48-g4cf74bf (webtiles) character file.

184 HolyGrifer the Charlatan (level 5, 0/29 HPs)
             Began as a Kobold Artificer on Aug 17, 2016.
             Succumbed to a scorpion's poison
             ... on level 4 of the Dungeon.
             The game lasted 00:18:31 (2408 turns).

HolyGrifer the Charlatan (Kobold Artificer)         Turns: 2408, Time: 00:18:32

Health: 0/29       AC:  3    Str: 15    XL:     5   Next: 96%
Magic:  8/8        EV: 16    Int: 11    God:
Gold:   133        SH:  0    Dex: 16    Spells: 0 memorised, 4 levels left

rFire  . . .     SeeInvis .     a - +1 short sword
rCold  . . .     Gourm    .     b - +0 leather armour
rNeg   . . .     Faith    .     (shield restricted)
rPois  .         Spirit   +     (no helmet)
rElec  .         Dismiss  .     (no cloak)
rCorr  .         Reflect  .     (no gloves)
SustAt .         Harm     .     (no boots)
MR     .....                    j - amulet of guardian spirit
Stlth  +++.......               f - +5 ring of strength
                                p - ring of stealth

@: lethally poisoned (0 -> -5), not resistant to hostile enchantments, fairly
stealthy
A: carnivore 3
a: no special abilities


You were on level 4 of the Dungeon.
You were not hungry.

You visited 1 branch of the dungeon, and saw 4 of its levels.

You collected 133 gold pieces.

Inventory:

Hand Weapons
 a - a +1 short sword (weapon)
Missiles
 h - 79 bolts
 i - 8 needles of sleeping
 m - 20 poisoned needles
Armour
 b - a +0 leather armour (worn)
Jewellery
 f - a +5 ring of strength (right hand)
 j - an amulet of guardian spirit (around neck)
 p - a ring of stealth (left hand)
Wands
 c - a wand of flame (14/48)
 d - a wand of enslavement (15/24)
 e - a wand of random effects (15/48)
Scrolls
 q - 2 scrolls of identify
 r - a scroll of remove curse
Potions
 g - 2 potions of agility
 l - a potion of magic
Comestibles
 k - 3 fruits
 n - a beef jerky
 s - a bread ration


   Skills:
 + Level 1.3 Fighting
 + Level 2.6 Short Blades
 + Level 1.6 Armour
 + Level 4.3 Dodging
 + Level 3.0 Stealth
 + Level 4.5 Evocations


You had 4 spell levels left.
You didn't know any spells.

Dungeon Overview and Level Annotations

Branches:
Dungeon (4/15)
 Temple: D:4-7

Altars:
Dithmenos
Nemelex Xobeh
Sif Muna
Trog
Yredelemnul
Zin


Innate Abilities, Weirdness & Mutations

You are small and have problems with some larger weapons.
You are carnivorous and can eat meat at any time.


Message History

You feel sick.
* * * LOW HITPOINT WARNING * * *
You feel sick.
* * * LOW HITPOINT WARNING * * *
You feel sick.
* * * LOW HITPOINT WARNING * * *
You feel sick.
* * * LOW HITPOINT WARNING * * *
You feel sick.
Eat which item? (? for menu, Esc to quit)
Okay, then.
There is a lethal amount of poison in your body!
There is a lethal amount of poison in your body!
* * * LOW HITPOINT WARNING * * *
You feel sick.
* * * LOW HITPOINT WARNING * * *
You feel sick.
Eat which item? (? for menu, Esc to quit)
You continue eating.
You die...

#####################
#............@.......
####....################
........###.###
##.............
..............#
###.######...## #.#
#.... #.# #### #.#


There were no monsters in sight!

Vanquished Creatures
  A scorpion (D:4)
  4 gnolls (D:3)
  4 adders
  A worm (D:3)
  3 giant geckos
  7 orcs (D:3)
  6 bats
  2 giant cockroaches
  6 goblins
  4 hobgoblins
  2 jackals (D:1)
  4 kobolds
  3 giant newts
  4 rats
51 creatures vanquished.

Notes
Turn   | Place    | Note
--------------------------------------------------------------
     0 | D:1      | HolyGrifer the Kobold Artificer began the quest for the Orb.
     0 | D:1      | Reached XP level 1. HP: 12/12 MP: 3/3
   131 | D:1      | Reached XP level 2. HP: 15/16 MP: 5/5
   577 | D:2      | Reached XP level 3. HP: 15/20 MP: 4/6
   678 | D:2      | Found a glowing silver altar of Zin.
   712 | D:2      | Found a shadowy altar of Dithmenos.
   792 | D:2      | Found a deep blue altar of Sif Muna.
   821 | D:2      | Found a sparkling altar of Nemelex Xobeh.
  1283 | D:2      | Found a basalt altar of Yredelemnul.
  1366 | D:3      | Reached skill level 1 in Armour
  1366 | D:3      | Reached XP level 4. HP: 24/25 MP: 7/7
  1461 | D:3      | Found a bloodstained altar of Trog.
  2008 | D:3      | Reached XP level 5. HP: 18/29 MP: 3/8
  2406 | D:4      | HP: 1/29 [poisoned by a scorpion]
  2408 | D:4      | Succumbed to a scorpion's poison

Skill      XL: |  1  2  3  4  5 |
---------------+----------------+-----
Evocations     | 4 |  4.5
Short Blades   | 2 |  2.6
Dodging        | 3 4 |  4.3
Armour         | 1 |  1.6
Stealth        | 2 3 |  3.0
Fighting       | |  1.3

Action                   |  1- 3 |  4- 6 || total
-------------------------+-------+-------++-------
Melee: Short sword       |   110 |    81 ||   191
Evoke: Wand              |     4 |    18 ||    22
  Use: Scroll            |     5 |     1 ||     6
       Potion            |     1 |     1 ||     2
 Stab: Sleeping          |     2 |     4 ||     6
  Eat: Meat ration       |       |     1 ||     1
       Royal jelly       |       |     1 ||     1
Armor: Leather armour    |    43 |    11 ||    54
Dodge: Dodged            |   114 |    67 ||   181
